 Dungeon Sprint DCSS version 0.30.1-9-gdf580d7c3d (webtiles) character file.

Game seed: 8398491345730132107

258 Heoruswealwe the Spear-Bearer (level 5, 0/53 HPs)
             Began as a Minotaur Fighter on Oct 12, 2023.
             Slain by a komodo dragon (9 damage)
             ... in the Dungeon (Sprint IX: "|||||||||||||||||||||||||||||").
             The game lasted 00:01:25 (131 turns).

Heoruswealwe the Spear-Bearer (Minotaur Fighter)     Turns: 131, Time: 00:01:26

Health: 0/53       AC:  8    Str: 22    XL:     5   Next: 94%
Magic:  4/4        EV:  9    Int:  5    God:
Gold:   0          SH:  4    Dex: 10    Spells: 4/4 levels left

rFire   . . .        a - +0 trident
rCold   . . .        d - +0 buckler
rNeg    . . .        c - +0 scale mail
rPois   .            (helmet restricted)
rElec   .            (no cloak)
rCorr   .            (no gloves)
SInv    .            (no boots)
Will    .....        (no amulet) Stlth
                     (no ring)
HPRegen 0.28/turn    (no ring)
MPRegen 0.09/turn

%: no teleportation
@: no status effects
A: horns 2, retaliatory headbutt
a: no special abilities


You were in the Dungeon.
You visited 1 branch

Inventory:

Hand Weapons
 a - a +0 trident (weapon)
Armour
 c - a +0 scale mail (worn)
 d - a +0 buckler (worn)
Jewellery
 m - a +3 ring of intelligence
 n - a +3 ring of intelligence
Wands
 l - a wand of iceblast (10)
Scrolls
 j - 2 scrolls of blinking
 k - 2 scrolls of amnesia
Potions
 b - a potion of might
 e - a potion of invisibility
 f - 2 potions of heal wounds
 g - a potion of haste
 h - 4 potions of curing
 i - a potion of berserk rage


   Skills:
 + Level 8.2 Fighting
 * Level 10.7 Polearms
 + Level 8.2 Armour
 - Level 3.6 Shields


You had 4 spell levels left.
You didn't know any spells.
Your spell library was empty.

Dungeon Overview and Level Annotations

Branches:
Dungeon (1/1)

Altars:
Cheibriados
Dithmenos
Elyvilon
Fedhas
Gozag
Hepliaklqana
Kikubaaqudgha
Makhleb
Nemelex Xobeh
Okawaru
Qazlal
Ru
Sif Muna
Trog
Uskayaw
Vehumet
Wu Jian
Xom
Yredelemnul
Zin
The Shining One
Jiyva
Lugonu


Innate Abilities, Weirdness & Mutations

You have a pair of horns on your head.
You reflexively headbutt those who attack you in melee.


Message History

You hit the centaur.
The centaur is lightly wounded.
The centaur closely misses you. The centaur barely misses you.
You hit the centaur but do no damage. You headbutt the centaur!
The centaur is heavily wounded.
The centaur hits you but does no damage.
The centaur kicks you but does no damage.
You barely miss the centaur.
The centaur is heavily wounded.
The centaur completely misses you.
The centaur kicks you but does no damage.
You block the centaur's attack. The centaur closely misses you.
You barely miss the centaur.
The centaur is heavily wounded.
The centaur hits you but does no damage.
The centaur kicks you.
* * * LOW HITPOINT WARNING * * *
You hit the centaur.
The centaur is heavily wounded.
The centaur hits you but does no damage.
The centaur kicks you.
* * * LOW HITPOINT WARNING * * *
You hit the centaur.
The centaur is severely wounded.
The centaur closely misses you. The centaur misses you.
The komodo dragon hisses menacingly.
You hit the centaur.
You kill the centaur!
Your Fighting skill increases to level 8!
Your Polearms skill increases to level 10!
Your Armour skill increases to level 8!
You hit the komodo dragon but do no damage.
The komodo dragon closely misses you. You furiously retaliate!
You headbutt the komodo dragon.
You hit the komodo dragon but do no damage.
The komodo dragon is lightly wounded.
You barely miss the komodo dragon. You headbutt the komodo dragon.
The komodo dragon is moderately wounded.
The komodo dragon bites you!
You die... ▓▓▓▓▓▓▓▓▓▓▓▓▓▓▓▓▓▓▓▓▓▓▓▓ ______'!.).[[[..@llg.o.+ ▓▓▓▓▓▓▓▓▓▓▓▓▓▓▓▓▓▓▓▓▓▓▓▓

You could see a komodo dragon, an orc warrior, a wyvern and a gnoll sergeant.

Vanquished Creatures
  An orc warrior (D)
  A centaur (D)
  A scorpion (D)
  An adder (D)
  An ufetubus (D)
  A worm (D)
  A dart slug (D)
  An orc (D)
  A ball python (D)
  A goblin (D)
  2 hobgoblins (D)
12 creatures vanquished.

Notes
Turn   | Place    | Note
-------+----------+-------------------------------------------
     0 | D        | Heoruswealwe the Minotaur Fighter began the quest for the
                  | Orb.
     0 | D        | Reached XP level 1. HP: 19/19 MP: 0/0
     6 | D        | Reached skill level 3 in Polearms
    14 | D        | Reached skill level 4 in Polearms
    17 | D        | Reached XP level 2. HP: 25/28 MP: 1/1
    27 | D        | Noticed a scorpion
    45 | D        | Reached skill level 5 in Polearms
    47 | D        | Reached skill level 5 in Fighting
    47 | D        | Reached skill level 5 in Armour
    47 | D        | Reached XP level 3. HP: 36/36 MP: 2/2
    60 | D        | Killed a scorpion
    61 | D        | Reached skill level 7 in Polearms
    61 | D        | Reached XP level 4. HP: 20/44 MP: 3/3
    66 | D        | Found a snail-covered altar of Cheibriados.
    66 | D        | Found a shadowy altar of Dithmenos.
    66 | D        | Found a white marble altar of Elyvilon.
    66 | D        | Found a blossoming altar of Fedhas.
    66 | D        | Found an opulent altar of Gozag.
    67 | D        | Found a hazy altar of Hepliaklqana.
    68 | D        | Found a viscous altar of Jiyva.
    69 | D        | Found an ancient bone altar of Kikubaaqudgha.
    70 | D        | Found a corrupted altar of Lugonu.
    71 | D        | Found a burning altar of Makhleb.
    72 | D        | Found a sparkling altar of Nemelex Xobeh.
    73 | D        | Found an iron altar of Okawaru.
    74 | D        | Found a stormy altar of Qazlal.
    75 | D        | Found a sacrificial altar of Ru.
    76 | D        | Found a shimmering blue altar of Sif Muna.
    77 | D        | Found a bloodstained altar of Trog.
    78 | D        | Found a hide-covered altar of Uskayaw.
    79 | D        | Found a radiant altar of Vehumet.
    80 | D        | Found an ornate altar of the Wu Jian Council.
    81 | D        | Found a shimmering altar of Xom.
    82 | D        | Found a basalt altar of Yredelemnul.
    83 | D        | Found a glowing silver altar of Zin.
    84 | D        | Found a glowing golden altar of the Shining One.
   110 | D        | Noticed an orc warrior
   110 | D        | Noticed a centaur
   110 | D        | Noticed a komodo dragon
   110 | D        | Noticed a wyvern
   110 | D        | Noticed a gnoll sergeant
   110 | D        | Noticed an orc warrior
   119 | D        | Killed an orc warrior
   120 | D        | Reached skill level 9 in Polearms
   120 | D        | Reached XP level 5. HP: 8/52 MP: 4/4
   128 | D        | Killed a centaur
   129 | D        | Reached skill level 10 in Polearms
   131 | D        | Slain by a komodo dragon

Illustrated notes

Levels and vault maps discovered:
D:        linesprint [early_d, line_temple, items_1, d_10, items_2, lair_1,
          lair_end, items_3, orc_1, orc_end, items_4, d_15, swamp_1, shoals_1,
          snake_1, spider_1, d_20, vaults_1, items_5, swamp_end, shoals_end,
          snake_end, spider_end, vaults_end, d_27, items_6, zot_1, zot_end,
          crypt_end, forest_end, elf_end, slime_end, tomb_end, abyss_end,
          pan_hell_end]

Skill      XL: |  1  2  3  4  5 |
---------------+----------------+-----
Polearms       | 4 5 7 9 10 | 10.7
Fighting       | 4 5 6 7 8 |  8.2
Armour         | 4 5 6 7 8 |  8.2
Shields        | |  3.6

Action                     |  1- 3 |  4- 6 || total
---------------------------+-------+-------++-------
  Melee: Trident           |    41 |    20 ||    61
         Headbutt          |     7 |     3 ||    10
    Use: Potion            |     2 |       ||     2
 Armour: Scale mail        |    18 |     7 ||    25
  Dodge: Dodged            |    12 |    15 ||    27
  Block: Buckler           |     7 |     2 ||     9
